Cogmind - Beta 16 @@@ ROGUE MODE // 2025.10.29 @ 01:58:48 Player: CheifClapdad Result: Destroyed by NH-E0L(R) with Subdweller Machine Gun Performance ------------- Evolutions (0) 0 Regions Visited (1) 200 Robots Destroyed (16) 80 Value Destroyed (449) 449 Prototype IDs (0) 0 Alien Tech Used (0) 0 Bonus (0) 0 TOTAL SCORE: 729 Bonus ------- None Cogmind --------- Core Integrity 0/250 Matter 300/300 Energy 99/100 System Corruption 0% Temperature Cool (0) Movement Rolling (110) Ox2 Location -10/Materials Parts ------- > --- POWER (1) -------- (None) > --- PROPULSION (2) --- Light Treads Wheel > --- UTILITY (2) ------ Large Storage Unit Tractor Beam > --- WEAPON (2) ------- Light Assault Rifle > --- INVENTORY (15) --- Compact Wheel Small Storage Unit Medium Matter Pod (100) Medium Matter Pod (100) Targeting Computer Grenade Launcher Peak State ------------ > --- POWER ------------ Ion Engine > --- PROPULSION ------- Light Treads Compact Wheel > --- UTILITY ---------- Small Storage Unit Improved Terrain Scanner > --- WEAPON ----------- Medium Laser Light Assault Rifle > --- INVENTORY -------- Ion Engine Light Treads Compact Wheel Compact Wheel Light Assault Rifle [Rating: 9] Favorites ----------- Power Ion Engine Engine Ion Engine Power Core Light Nuclear Core Propulsion Light Treads Treads Light Treads Wheel Compact Wheel Utility Small Storage Unit Device Tractor Beam Storage Small Storage Unit Weapon Light Assault Rifle Energy Gun Medium Laser Ballistic Gun Light Assault Rifle Build | -11 -10 ------- Run | Yrd Mat Slots Evolved . | . . Power . | . . Propulsion . | . . Utility . | . . Weapon . | . . Parts Attached 17 | 7 10 Power 3 | 1 2 Engine 2 | 1 1 Core 1 | . 1 Reactor . | . . Propulsion 7 | 2 5 Treads 4 | 1 3 Leg . | . . Wheel 3 | 1 2 Hover . | . . Flight . | . . Utility 4 | 2 2 Device 2 | 1 1 Storage 2 | 1 1 Processor . | . . Hackware . | . . Protection . | . . Artifact . | . . Weapon 3 | 2 1 Energy Gun 1 | 1 . Energy Cannon . | . . Ballistic Gun 2 | 1 1 Ballistic Cannon . | . . Launcher . | . . Special Weapon . | . . Impact Weapon . | . . Slashing Weapon . | . . Piercing Weapon . | . . Special Melee Weapon . | . . Unidentified Prototypes . | . . Parts Lost 11 | . 11 Power 3 | . 3 Propulsion 5 | . 5 Utility 1 | . 1 Weapon 2 | . 2 Highest Loss Streak 6 | . 6 To Critical Strikes . | . . Average Backups 5 | 4 6 Power . | . . Propulsion 2 | 2 2 Utility 1 | . 2 Weapon . | 1 . Tool/Special . | . . Unused Backups 5 | . 5 Power . | . . Propulsion 1 | . 1 Utility 3 | . 3 Weapon 1 | . 1 Tool/Special . | . . Average Slot Usage (%) 93 | . 93 Engine 12 | . 12 Treads 13 | . 13 Wheel 12 | . 12 Device 12 | . 12 Storage 14 | . 14 Energy Gun 8 | . 8 Ballistic Gun 17 | . 17 Peak Build Rating 9 | 9 9 Average Rating 7 | 5 7 On Entrance 4 | . 9 Avg Prop Armor Cover (%) 15 | 21 13 Naked Turns . | . . Heaviest Build 28 | 14 28 Greatest Support 40 | 3 40 Greatest Overweight (x) 4 | 4 2 Average Overweight (x) . | 2 . Largest Inventory Capacity 15 | 8 15 Average Capacity 9 | 7 9 Most Carried 9 | 5 9 Average Carried 5 | 4 6 Final Capacity 15 | 8 15 Final Carried 6 | 5 6 Class Distribution -------------------- 100% | Mutant Dominant Class ---------------- Mutant | -10/Materials Resources | -11 -10 ----------- Run | Yrd Mat Matter Collected 660 | 276 384 Remotely 139 | . 139 Salvage Created 607 | 78 529 Parts 34 | 5 29 Haulers Intercepted . | . . Recyclers Shooed 1 | . 1 Parts Field Recycled . | . . Retrieved Matter . | . . Parts Self-Destructed . | . . Prevented . | . . Parts Restored . | . . Kills | -11 -10 ------- Run | Yrd Mat Combat Hostiles Destroyed 12 | . 12 Guns 11 | . 11 AOE 1 | . 1 Classes Destroyed 6 | 2 4 Worker 1 | . 1 Tunneler 1 | 1 . Recycler 1 | 1 . Operator 1 | . 1 Swarmer 2 | . 2 Grunt 10 | . 10 Best Kill Streak 5 | 1 5 Combat Bots Only 5 | . 5 Max Kills in Single Turn 2 | 1 2 Gunslinging . | . . Exploded 1 | . 1 Melee . | . . Uniques/NPCs Destroyed . | . . Combat | -11 -10 -------- Run | Yrd Mat Hostile Shots Fired 114 | . 114 Missed 35 | . 35 Hits 79 | . 79 Projectile 79 | . 79 Critical Strikes 2 | . 2 Damage Taken 1168 | . 1168 Core 263 | . 263 Absorbed by Shields . | . . Core Remaining (%) 100 | 100 . Volleys Fired 78 | 6 72 Largest 2 | 2 2 Hottest 70 | 70 70 Shots Fired 127 | 12 115 Gun 127 | 12 115 Cannon . | . . Launcher . | . . Special . | . . Kinetic 81 | 6 75 Thermal 46 | 6 40 Explosive . | . . Electromagnetic . | . . Robot Hit Streak 8 | 2 8 Robot Miss Streak 4 | 2 4 Penetration Max . | . . Secondary Targets 1 | . 1 Max Gunslinging Chain 1 | . 1 Shots Hit Robots 81 | 6 75 Core Hits 37 | 4 33 Critical Kills . | . . Critical Parts Destroyed 1 | . 1 Critical Strikes 3 | . 3 Burn 2 | . 2 Destroy 1 | . 1 Melee Attacks . | . . Impact . | . . Slashing . | . . Piercing . | . . Sneak Attacks . | . . Combat Hostiles . | . . Follow-up Attacks . | . . Damage Inflicted 1120 | 55 1065 Guns 806 | 55 751 Cannons . | . . Explosions 314 | . 314 Melee . | . . Ramming . | . . Kinetic 469 | 31 438 Thermal 337 | 24 313 Explosive 314 | . 314 Electromagnetic . | . . Impact . | . . Slashing . | . . Piercing . | . . Highest Corruption . | . . Average Corruption . | . . Corruption Purged . | . . Corruption Blocked . | . . Overload Shots . | . . Overflow Damage 61 | . 61 Projectiles . | . . Explosions 61 | . 61 Melee . | . . Knockbacks . | . . Impact . | . . Kinetic . | . . Secondary . | . . Self-Inflicted Damage 138 | . 138 Shots 2 | . 2 Rammed . | . . Targets Rammed . | . . Kicked . | . . Crushed . | . . Highest Temperature 257 | 40 257 Average Temperature 95 | 20 103 Received Heat Transfer 546 | . 546 Effects 3 | . 3 Energy Bleed 2 | . 2 Interference 1 | . 1 Siege Activations . | . . Martial Activations . | . . Shielding Activations . | . . Robots Disrupted . | . . Combat Hostiles . | . . Robots Corrupted . | . . Combat Hostiles . | . . Parts Fried . | . . Impact Corruptions . | . . Robots Melted . | . . Combat Hostiles . | . . Parts Melted 2 | . 2 Heat Transferred 1147 | 74 1073 Parts Sabotaged . | . . Parts Stolen . | . . Parts Stripped . | . . Power Chain Reactions . | . . Alert | -11 -10 ------- Run | Yrd Mat Maximum Alert Level . | . . Low Security (%) 100 | 100 100 Level 1 . | . . Level 2 . | . . Level 3 . | . . Level 4 . | . . Level 5 . | . . High Security . | . . Max Security . | . . Peak Influence 110 | 5 110 Initial . | . . Average 35 | . 47 Influence Increases 412 | 10 402 Destroy 0b10 Robot/C 240 | . 240 Destroy 0b10 Robot/NC 25 | 10 15 Destroy Leader 60 | . 60 Successful Hack 5 | . 5 Disable Machine 30 | . 30 Destroy Structure 37 | . 37 Lose Combat Pursuer 15 | . 15 Influence Decreases 326 | 10 316 Time Decay 223 | 10 213 Lost Part 103 | . 103 Squads Dispatched 2 | . 2 Investigation 1 | . 1 Extermination . | . . Reinforcement 1 | . 1 Assault . | . . Garrison . | . . Intercept . | . . Searches Triggered . | . . Construction Impeded . | . . Haulers Reinforced . | . . Active Scanning Responses . | . . Cargo Convoy Interrupts . | . . Stealth | -11 -10 --------- Run | Yrd Mat Distress Signals . | . . Communications Jammed . | . . Distress Signals . | . . Times Spotted 22 | . 22 Peak Tracking Total 4 | . 4 Tactical Retreats 2 | . 2 Traps | -11 -10 ------- Run | Yrd Mat Traps Triggered 3 | . 3 Indirectly . | . . Trap Hack Attempts . | . . Triggered . | . . Disarmed . | . . Reprogrammed . | . . Reused . | . . Traps Extracted . | . . Installed . | . . Triggered . | . . Machines | -11 -10 ---------- Run | Yrd Mat Machines Disabled 2 | . 2 Max in Single Turn 2 | . 2 Machines Repaired . | . . Machines Dismantled . | . . Machines Sabotaged . | . . Overloaded Fab Kills . | . . Hacking | -11 -10 --------- Run | Yrd Mat Machines Accessed 1 | . 1 Terminals 1 | . 1 Fabricators . | . . Repair Stations . | . . Recycling Units . | . . Scanalyzers . | . . Garrison Access . | . . Total Hacks 4 | . 4 Successful 1 | . 1 Failed 3 | . 3 Catastrophic . | . . Database Lockouts . | . . Manual 4 | . 4 Terminals 4 | . 4 Fabricators . | . . Repair Stations . | . . Recycling Units . | . . Scanalyzers . | . . Garrison Access . | . . Terminal Hacks . | . . Fabricator Hacks . | . . Repair Station Hacks . | . . Recycling Unit Hacks . | . . Scanalyzer . | . . Garrison Access Hacks . | . . Unauthorized Hacks 1 | . 1 Terminals 1 | . 1 Botnet 1 | . 1 Fabricators . | . . Repair Stations . | . . Recycling Units . | . . Scanalyzers . | . . Garrison Access . | . . Data Cores Recovered 1 | . 1 Used . | . . Hacking Detections 1 | . 1 Full Trace Events 1 | . 1 Feedback Events . | . . Feedback Blocked . | . . Robot Schematics Acquired . | . . Robots Built . | . . Authchips . | . . Time . | . . Total Robot Build Rating . | . . Part Schematics Acquired . | . . Parts Built . | . . Authchips . | . . Time . | . . Total Part Build Rating . | . . Part Studies Acquired . | . . Parts Repaired . | . . Time . | . . Parts Recycled . | . . Recycled Matter . | . . Retrieved Matter . | . . Retrieved Components . | . . Parts Scanalyzed . | . . Part Schematics Acquired . | . . Parts Damaged . | . . Bothacking | -11 -10 ------------ Run | Yrd Mat Used RIF Installer . | . . Robots Hacked . | . . Non-combat . | . . Combat . | . . Robot Hacks Applied . | . . Relay Couplers Released . | . . Fabnet Peak Effective % . | . . Robots Rewired . | . . Allies Hacked . | . . Hacks Repelled . | . . Allies | -11 -10 -------- Run | Yrd Mat Total Allies . | . . Largest Group . | . . Highest-Rated Group . | . . Highest-Rated Ally . | . . Total Orders . | . . Ally Attacks . | . . Total Damage . | . . Kills . | . . Allies Corrupted . | . . Allies Melted . | . . Intel | -11 -10 ------- Run | Yrd Mat Active Infowar (turns) 153 | . 153 Terrain 153 | . 153 Robot Analysis Total . | . . Derelict Logs Recovered . | . . Drone Launches . | . . Drone Recoveries . | . . Exploration | -11 -10 ------------- Run | Yrd Mat Turns Passed 853 | 231 622 Spaces Moved 500 | 105 395 Core 105 | 105 . Treads 3 | . 3 Legs . | . . Wheels 392 | . 392 Hover . | . . Flight . | . . Fastest Speed 50 | 50 100 Average Speed 121 | 190 103 Slowest Speed 250 | 250 240 Overloaded Moves . | . . Propulsion Burnouts . | . . Robots Hopped . | . . Potential Cave-ins . | . . Cave-ins Triggered . | . . Exploration Rate (%) 32 | 7 58 Regions Visited 1 Branch Regions . Pre-discovered Areas . | . . Known Exits Taken . | . . Unknown Exits Taken 1 | 1 . Scrap Searched . | . . Spaces Dug . | . . Terrain Destroyed 36 | . 36 Melee . | . . Projectile . | . . AOE 36 | . 36 Terrain Rammed . | . . Walls Destroyed . | . . Machines Disabled . | . . Actions | -11 -10 --------- Run | Yrd Mat Total 629 | 123 506 Wait 14 | . 14 Move 499 | 104 395 Hop . | . . Pick Up 13 | 6 7 Fast Attach 13 | 6 7 Attach 8 | 1 7 Detach . | . . Swap 1 | . 1 Drop . | . . Fire 78 | 6 72 Melee . | . . Ram . | . . Kick . | . . Crush . | . . Escape Stasis . | . . Rewire 3 | . 3 Trap . | . . Miscellaneous . | . . Route ------- -11/Scrapyard -10/Materials (discovered 4 exits: [*Mat x2] / [*Min x2]) History --------- Turn | Location | Event 8 | -11/Scrapyard | Discovered new exit (range 15) 232 | -11/Scrapyard | Entered Materials 309 | -10/Materials | Build established: Mutant 314 | -10/Materials | Discovered new exit (range 16) 333 | -10/Materials | Discovered new exit (range 16) 495 | -10/Materials | Lost 4 parts (1p2n1u) 551 | -10/Materials | Discovered new exit (range 16) 732 | -10/Materials | Derelicts attacked the area 784 | -10/Materials | Core integrity fell below 50% 835 | -10/Materials | Core integrity fell below 20% 849 | -10/Materials | Discovered new exit (range 15) 854 | -10/Materials | Destroyed by NH-E0L(R) with Subdweller Machine Gun Last Messages --------------- 00818_ K-01 Serf cleans the Nuclear Reactor. 00819_ G-47 Trooper destroyed. 00820_ K-01 Serf collects debris. 00824_ Acquired 55 matter. 00824_ K-01 Serf collects debris. 00832_ K-01 Serf destroyed. 00833_ Acquired 15 matter. 00834_ Nuclear Reactor explodes. 00834_ K-01 Serf destroyed. 00834_ G-34 Mercenary destroyed. 00834_ Lgt. Treads destroyed. 00834_ Destroyed Lgt. Treads. 00834_ Nuclear Reactor explodes. 00834_ Destroyed Lgt. Ion Engine. 00834_ Destroyed Tractor Beam. 00835_ The unstable cave ceiling collapses. 00838_ Lgt. Nuclear Core destroyed. 00839_ Acquired Wheel. 00840_ Acquired 10 matter. 00849_ EXIT=FOUND Map ----- +----------------------------------------------------+ | % # """ # # # | | % ##### ##+##### # # """ # #? # | | ###### " "|" # ???# ####### # +? # | | %# #""!"|""# "???# #?????# "T" # #?? # | | + ######### ??# #???#?# """ # #??###### | | # ##??????# * ??# #?????# # ^ #??#????? | | # #?????#?# ?# #?????####### ???????? | | # #???????# ?# #??????????? ??????? | | #+#####??????#####+## ????????? ? ??????? | | ############?#???? ??????????? ??????? | | ^^^^^ ??? ?????"????""" ??????? | | % ########+#?###??# ???? ?????""" #??????? | | ! ## ## ??? ????????????? #??????? | | ### !!# # """?? "???????????? ???????? | | ###! # # "???? ???????????????????????? | | # # # ????? ???????????????????????? | | %!# # ########???????????????????????? | | # # # #????????????????????????? | | # # #????????????????????????? | | # # *% """ #????????????????????????? | | + # """ #????????????????????????? | | # # """ #????????????????????????? | | ! # ## #????????????????????????? | | ### ## # R ###+#############+###??????????? | | #?????????? | | @ k < #?????????? | | #?????????? | | ####+########+########################??????????? | | #? ????????????????????????????????? | | # ??????????????????????????????? | | # """#?????????????????????????????? | | """ """ # """#?????????????????????????????? | | """ """ # """#?????????????????????????????? | | """ """ # """#?????????????????????????????? | | # ???????????????????????????????? | | # ???????????????????????????????? | | ########## ???????????????????????????????? | | ??????????#######???????????????????????????????? | | | | | | | | | | | | | | | | | | | | | | | | | +----------------------------------------------------+ Best States ------------- Heat Dissipation 25 Energy Generation 10 Energy Capacity 250 Matter Stores 300 Matter Capacity 300 Sight Range 16 Terrain Scan Range 16 Terrain Scan Density 10 Evasion (%) 40 Recoil Reduction 2 Item Schematics ----------------- None Robot Schematics ------------------ None Fabricated ------------ Nothing Repaired ---------- Nothing Studied --------- None Alien Tech Used ----------------- None Achievements -------------- None Challenges ------------ None Game ------ Seed FlakTractorGun Manual? 0 Play Time 00:08:20 Cumulative 336.6 hours Start 2025.10.29 @ 01:52:28 End 2025.10.29 @ 01:58:48 Sessions 1 Manual Loads 0 Difficulty Rogue Special Mode None Game No. 294 Rogue 294 Adventurer 0 Explorer 0 Win Type - Total 2 Types 1/1/0/0/0/0/0/0/0/0 Lore% 80 Gallery% 80 Achievement% 52 Wizard Run 0 Options --------- Layout 1 ASCII 0 Keyboard 0 Movement Arrows Keybinds 0 Fullscreen 1 Font 24/Smallcaps Map View 50x35 Zoom Use 0% Tactical HUD 1 Map Filters NONE Filters NONE Steam X RUN: 3c5f2def-d762-4a09-b12a-e29a07b50a02